 Dungeon Crawl Stone Soup version 0.30-a0-556-g0a0f5a245f (webtiles) character file.

Game seed: 10523633362744195081

552 M4edhros the Charlatan (level 7, -9/44 (46) HPs)
             Began as an Octopode Artificer on Dec 27, 2022.
             Mangled by a wight
             ... wielding a +5 halberd
              (13 damage)
             ... on level 7 of the Dungeon.
             The game lasted 00:02:47 (1580 turns).

M4edhros the Charlatan (Octopode Artificer)         Turns: 1580, Time: 00:02:48

HP:   -9/44 (46)    AC:  1    Str: 11    XL:     7   Next: 29%
MP:   7/7           EV: 14    Int: 14    God:
Gold: 183           SH:  0    Dex: 14    Spells: 6/6 levels left

rFire   . . .      SeeInvis .      - Unarmed
rCold   . . .      Faith    .    (no shield)
rNeg    . . .      Spirit   .    (helmet restricted)
rPois   .          Reflect  .    (no amulet)
rElec   .          Harm     .    (no ring)
rCorr   .          Rampage  .    (no ring)
Will    .....                    (no ring)
Stlth   ++++                     (no ring)
HPRegen 0.27/turn                (no ring)
MPRegen 0.10/turn                (no ring)
                                 (no ring)
                                 (no ring)

@: lightly drained
A: almost no armour, amphibious, 8 rings, camouflage 1, gelatinous body 1,
(nimble swimmer 1), tentacles
a: no special abilities


You were on level 7 of the Dungeon.
You visited 1 branch of the dungeon, and saw 7 of its levels.

You collected 183 gold pieces.

Inventory:

Jewellery
 k - a ring of magical power
Wands
 b - a wand of flame (12) (quivered)
 c - a wand of charming (12)
 d - a wand of iceblast (2)
 l - a wand of digging (6)
Scrolls
 e - a scroll of silence {unknown}
 h - 2 scrolls of identify {unknown}
 i - a scroll of teleportation {unknown}
 n - a scroll of fog {unknown}
 p - a scroll of noise {unknown}
 q - a scroll of amnesia {unknown}
Potions
 a - 2 potions of cancellation {unknown}
 f - a potion of curing {unknown}
 g - a potion of haste {unknown}
 j - a potion of heal wounds {unknown}
 m - a potion of ambrosia {unknown}
 o - a potion of berserk rage {unknown}


   Skills:
 + Level 3.0 Fighting
 + Level 3.8 Dodging
 + Level 4.3 Stealth
 * Level 4.1 Unarmed Combat
 + Level 4.7 Evocations


You had 6 spell levels left.
You didn't know any spells.
Your spell library was empty.

Dungeon Overview and Level Annotations

Branches:
Dungeon (7/15)
 Temple: D:4-7

Altars:
Nemelex Xobeh
Xom
Yredelemnul

Annotations:
D:5 Blork the orc
D:6 Grinder


Innate Abilities, Weirdness & Mutations

You cannot wear most types of armour.
You are amphibious.
You can wear up to eight rings at the same time.
Your skin changes colour to match your surroundings (Stealth+).
Your rubbery body absorbs attacks. (AC +1, EV +1)
((You are camouflaged when in or above water. (Stealth+)))
You have tentacles for arms and can constrict up to eight enemies at once.


Message History

You tentacle-slap something but do no damage.
You constrict something. Something hits you.
* * * LOW HITPOINT WARNING * * *
You tentacle-slap something but do no damage.
You squeeze something.
Reactivating autopickup.
You feel a bit more experienced.
Items here: )) [ †.
You start resting.
HP restored.
You now have 144 gold pieces (gained 8).
You now have 148 gold pieces (gained 4).
You now have 166 gold pieces (gained 18).
You now have 183 gold pieces (gained 17).
q - a scroll labelled JUS UNWEQEZIUPP You open the door.
There is an open door here. 2 wights come into view.
A wight comes into view. It is wielding a +4 spear.
The wight hits you with a +5 halberd!
You feel drained.
You tentacle-slap the wight but do no damage.
Your grab misses the wight. The wight hits you with a +5 halberd!
* * * LOW HITPOINT WARNING * * *
You closely miss the wight. You grab the wight. You squeeze the wight.
The wight is moderately damaged.
You constrict the wight, but do no damage.
The wight hits you with a +5 halberd!
* * * LOW HITPOINT WARNING * * *
Aiming: Charm
Press: ? - help, Shift-Dir - straight line, f - wight
Aim: a wight, wielding a +5 halberd and wearing a +0 robe (moderately damaged, constricted by you, chance to affect: 61%)
The wight resists with significant effort.
You constrict the wight. The wight completely misses you.
Aiming: Charm
Press: ? - help, Shift-Dir - straight line, f/p - wight
Aim: a wight, wielding a +5 halberd and wearing a +0 robe (moderately damaged, constricted by you, chance to affect: 61%)
The wight resists with significant effort.
You constrict the wight, but do no damage.
The wight hits you with a +5 halberd!
You die...

. #..'....# #.
##.#....##+##
###.###.##........
.........#........
.........#........
..................
........#######...
.~.......# ...
.....###@# PP
.....###z#
.........#
.........#
.~..z###.# ....
..# ... ..# .z ..#
z ...#


You could see a wight.

Vanquished Creatures
  Duvessa (D:5)
  An ogre (D:7)
  2 scorpions
  Dowan (D:5)
  Crazy Yiuf (D:6)
  2 iguanas
  Natasha (twice) (D:4)
  An orc wizard (D:7)
  2 adders
  An ufetubus (D:5)
  An orc (D:4)
  An endoplasm (D:3)
  2 giant cockroaches (D:1)
  3 hobgoblins
  3 jackals (D:2)
  A quokka (D:2)
  A ball python (D:2)
  3 bats
  2 frilled lizards
  4 kobolds
  A rat (D:3)
36 creatures vanquished.

Notes
Turn   | Place    | Note
-------+----------+-------------------------------------------
     0 | D:1      | M4edhros the Octopode Artificer began the quest for the
                  | Orb.
     0 | D:1      | Reached XP level 1. HP: 13/13 MP: 1/1
   176 | D:2      | Reached XP level 2. HP: 13/18 MP: 2/2
   243 | D:2      | Reached skill level 1 in Unarmed Combat
   448 | D:4      | Noticed a scorpion
   453 | D:4      | Killed a scorpion
   454 | D:4      | Reached XP level 3. HP: 18/24 MP: 3/3
   454 | D:4      | Reached XP level 4. HP: 22/29 MP: 4/4
   471 | D:4      | Noticed Natasha
   479 | D:4      | Killed Natasha
   552 | D:4      | Noticed Natasha
   565 | D:4      | Killed Natasha
   566 | D:4      | Reached XP level 5. HP: 22/34 MP: 5/5
   616 | D:4      | Found a basalt altar of Yredelemnul.
   624 | D:5      | Entered Level 5 of the Dungeon
   629 | D:5      | Noticed Blork the orc
   968 | D:5      | Noticed Duvessa
   969 | D:5      | Noticed Dowan
   971 | D:5      | Killed Dowan
   975 | D:5      | Killed Duvessa
   976 | D:5      | Reached XP level 6. HP: 25/41 MP: 6/6
  1066 | D:6      | Found a runed translucent door.
  1067 | D:6      | Noticed Crazy Yiuf
  1077 | D:6      | Killed Crazy Yiuf
  1192 | D:6      | Noticed Grinder
  1250 | D:7      | Reached XP level 7. HP: 40/45 MP: 7/7
  1369 | D:7      | Found a shimmering altar of Xom.
  1369 | D:7      | Found a sparkling altar of Nemelex Xobeh.
  1580 | D:7      | Mangled by a wight

Illustrated notes

Levels and vault maps discovered:
D:1:      saegor_arrival_simple_a, layout_loops_ring
D:2:      layout_basic, minmay_vboxes
D:3:      layout_basic, hellmonk_ecumenical_altar_inner_sanctum
D:4:      layout_rooms, ashenzari_conservatory_becter,
          mainiacjoe_overflow_paths, mainiacjoe_overflow_cross_hatched,
          serial_corexii_hall, corexii_hall_statues_i,
          chequers_hall_statues_corner_a, chequers_hall_statues_corner_a,
          chequers_hall_statues_wall_a, chequers_hall_statues_y,
          corexii_hall_statues_l, grunt_ministairs_8, uniq_natasha
D:5:      layout_basic, kennysheep_mini_moat, uniq_blork_the_orc, uniq_duvessa
D:6:      minmay_goblin_kobold_castle, layout_basic, temple_hall,
          due_unseen_surprise, uniq_grinder, uniq_sigmund,
          uniq_crazy_yiuf_cottage, uniq_eustachio, uniq_prince_ribbit1
D:7:      nzn_winding_woodlands_small [nzn_winding_woodlands_5x15_split_checker,
          nzn_winding_woodlands_center_diamonds,
          nzn_winding_woodlands_5x15_garden], layout_gridville,
          jmf_multi_god_temple, skrybe_limestone_x, minmay_misc_feat_tower,
          corexii_leaking_fountain

Skill      XL: |  1  2  3  4  5  6  7 |
---------------+----------------------+-----
Unarmed Combat | 2 3 4 |  4.1
Stealth        | 2 3 4 |  4.3
Dodging        | 3 |  3.8
Fighting       | 2 3 |  3.0
Evocations     | 4 |  4.7

Action                   |  1- 3 |  4- 6 |  7- 9 || total
-------------------------+-------+-------+-------++-------
Melee: Unarmed           |    46 |    54 |    16 ||   116
       Constrict         |    13 |    13 |     2 ||    28
       Tentacles         |     9 |    14 |     3 ||    26
       Punch             |       |     1 |     1 ||     2
Evoke: Wand              |     1 |     5 |     3 ||     9
 Stab: Sleeping          |     3 |     2 |       ||     5
       Distracted        |       |     1 |       ||     1
Armor: Skin              |     6 |       |       ||     6
Dodge: Dodged            |    39 |    33 |     6 ||    78

Table legend: (Time is in decaauts)
 A = Elapsed time spent in this place.
 B = Non-inter-level travel time spent in this place.
 C = Inter-level travel time spent in this place.
 D = Time resting spent in this place.
 E = Time spent auto-exploring this place.
 F = Levels seen in this place.
 G = Mean time per level.
                   A        B        C        D        E       F      G
               +--------+--------+--------+--------+--------+-----+--------+
         Total |   1574 |   1555 |     19 |    120 |   1068 |   7 |  224.9 |
       Dungeon |   1574 |   1555 |     19 |    120 |   1068 |   7 |  224.9 |
               +--------+--------+--------+--------+--------+-----+--------+

Top non-repeatable levels by time:
     D:5: 431 daAuts
     D:7: 382 daAuts
     D:2: 196 daAuts
     D:4: 174 daAuts
     D:3: 157 daAuts
     D:6: 138 daAuts
     D:1: 93 daAuts
